 Dungeon Crawl Stone Soup version 0.21-a0-405-gf2af9a1 (webtiles) character file.

135 Beatriz the Grasshopper (level 5, 0/43 HPs)
             Began as a Gnoll Warper on Nov 1, 2017.
             Slain by a gnoll (6 damage)
             ... on level 3 of the Dungeon.
             The game lasted 00:05:46 (2557 turns).

Beatriz the Grasshopper (Gnoll Warper)              Turns: 2557, Time: 00:05:46

Health: 0/43       AC:  3    Str: 14    XL:     5   Next: 18%
Magic:  12/12      EV: 14    Int: 15    God:
Gold:   129        SH:  0    Dex: 15    Spells: 12/14 levels left

rFire    . . .     SeeInvis .   a - +0 hand axe
rCold    . . .     Gourm    .   (no shield)
rNeg     . . .     Faith    .   b - +0 leather armour
rPois    .         Spirit   .   (no helmet)
rElec    .         Reflect  .   (no cloak)
rCorr    .         Harm     .   (no gloves)
MR       .....                  (no boots)
Stlth    +.........             (no amulet)
HPRegen  0.14/turn              (no ring)
MPRegen  0.13/turn              (no ring)

@: glowing
A: distributed training, fangs 1, strong nose
a: no special abilities


You were on level 3 of the Dungeon.
You were not hungry.

You visited 1 branch of the dungeon, and saw 3 of its levels.

You collected 129 gold pieces.

Inventory:

Hand Weapons
 a - a +0 hand axe (weapon)
Missiles
 e - 5 tomahawks of dispersal (quivered)
Armour
 b - a +0 leather armour (worn)
Scrolls
 d - a scroll of blinking
 g - a scroll of identify {unknown}
 i - a scroll of noise {unknown}
 p - 3 scrolls of remove curse
Potions
 j - a potion of brilliance {unknown}
 k - a potion of flight {unknown}
 l - a potion of heal wounds {unknown}
 o - a potion of resistance {unknown}
Books
 c - a book of Spatial Translocations

   Spells                             Type                      Level
   a - Blink                          Translocation                2
   b - Shroud of Golubria             Charms/Translocation         2
   c - Lesser Beckoning               Translocation                3
   d - Gell's Gravitas                Translocation                3
   e - Teleport Other                 Translocation                3
   f - Passage of Golubria            Translocation                4
Comestibles
 f - 3 bread rations
 h - 2 meat rations
 m - a royal jelly
 n - a chunk of flesh


   Skills:
 + Level 4.7 Fighting
 + Level 1.3 Short Blades
 + Level 1.3 Long Blades
 + Level 4.7 Axes
 + Level 1.3 Maces & Flails
 + Level 1.3 Polearms
 + Level 1.3 Staves
 + Level 1.3 Slings
 + Level 1.3 Bows
 + Level 1.3 Crossbows
 + Level 2.9 Throwing
 + Level 2.9 Armour
 + Level 4.7 Dodging
 + Level 1.3 Stealth
 + Level 1.3 Shields
 + Level 1.3 Unarmed Combat
 + Level 5.1 Spellcasting
 + Level 1.1 Conjurations
 + Level 1.1 Hexes
 + Level 1.1 Charms
 + Level 1.1 Summonings
 + Level 1.1 Necromancy
 + Level 5.5 Translocations
 + Level 1.1 Transmutations
 + Level 1.1 Fire Magic
 + Level 1.1 Ice Magic
 + Level 1.1 Air Magic
 + Level 1.1 Earth Magic
 + Level 1.1 Poison Magic
 + Level 1.5 Invocations
 + Level 1.3 Evocations


You had 12 spell levels left.
You knew the following spells:

 Your Spells              Type           Power        Failure   Level  Hunger
a - Blink                 Tloc           N/A          3%          2    ##.....


Dungeon Overview and Level Annotations

Branches:
Dungeon (2/15)

Altars:


Innate Abilities, Weirdness & Mutations

Your experience applies equally to all skills.
You have very sharp teeth.
Your uncanny sense of smell can sniff out nearby items.


Message History

You bite the gnoll shaman, but do no damage.
The gnoll shaman is almost dead.
The gnoll shaman hits you with a whip!
* * * LOW HITPOINT WARNING * * *
You hit the gnoll shaman.
You kill the gnoll shaman!
You have reached level 5!
The gnoll closely misses you.
You hit the gnoll but do no damage. The gnoll closely misses you.
The gnoll hits you from afar with a halberd.
* * * LOW HITPOINT WARNING * * *
The gnoll misses you.
A gnoll comes into view. It is wielding a club.
You hit the gnoll but do no damage. The gnoll barely misses you.
The gnoll hits you from afar with a halberd.
* * * LOW HITPOINT WARNING * * *
You hit the gnoll.
The gnoll is moderately wounded.
The gnoll hits you.
You die...

......o.....
##.#b.......
#...g.....#
#..#.#.#
###..#.#.###.#
#.....g.......
###.##g#.###.#
# #g#.# #@# #
#?# ..# ####


You could see 3 gnolls, a hobgoblin and a bat.

Vanquished Creatures
  A gnoll shaman (D:3)
  An orc priest (D:3)
  2 adders (D:2)
  An ooze (D:1)
  A worm (D:2)
  2 dart slugs (D:2)
  A leopard gecko (D:1)
  An orc (D:3)
  5 bats
  9 goblins
  6 hobgoblins
  4 jackals (D:1)
  5 kobolds
  3 frilled lizards
  3 rats
45 creatures vanquished.

Notes
Turn   | Place    | Note
-------+----------+-------------------------------------------
     0 | D:1      | Beatriz the Gnoll Warper began the quest for the Orb.
     0 | D:1      | Reached XP level 1. HP: 20/20 MP: 6/6
    78 | D:1      | Reached XP level 2. HP: 16/26 MP: 7/7
   552 | D:1      | Reached XP level 3. HP: 29/31 MP: 9/9
   566 | D:1      | Reached skill level 5 in Spellcasting
   587 | D:1      | Learned a level 2 spell: Blink
  1359 | D:2      | Reached skill level 1 in Invocations
  1553 | D:2      | Reached skill level 1 in Short Blades
  1553 | D:2      | Reached skill level 1 in Long Blades
  1553 | D:2      | Reached skill level 1 in Maces & Flails
  1553 | D:2      | Reached skill level 1 in Polearms
  1553 | D:2      | Reached skill level 1 in Staves
  1553 | D:2      | Reached skill level 1 in Slings
  1553 | D:2      | Reached skill level 1 in Bows
  1553 | D:2      | Reached skill level 1 in Crossbows
  1553 | D:2      | Reached skill level 1 in Stealth
  1553 | D:2      | Reached skill level 1 in Shields
  1553 | D:2      | Reached skill level 1 in Unarmed Combat
  1553 | D:2      | Reached skill level 1 in Evocations
  1949 | D:2      | Reached XP level 4. HP: 34/38 MP: 11/11
  1965 | D:2      | HP: 1/38 [poisoned by an adder]
  2514 | D:2      | You fall through a shaft!
  2546 | D:3      | Reached skill level 1 in Conjurations
  2546 | D:3      | Reached skill level 1 in Hexes
  2546 | D:3      | Reached skill level 1 in Charms
  2546 | D:3      | Reached skill level 1 in Summonings
  2546 | D:3      | Reached skill level 1 in Necromancy
  2546 | D:3      | Reached skill level 1 in Transmutations
  2546 | D:3      | Reached skill level 1 in Fire Magic
  2546 | D:3      | Reached skill level 1 in Ice Magic
  2546 | D:3      | Reached skill level 1 in Air Magic
  2546 | D:3      | Reached skill level 1 in Earth Magic
  2546 | D:3      | Reached skill level 1 in Poison Magic
  2554 | D:3      | Reached XP level 5. HP: 8/43 MP: 12/12
  2557 | D:3      | Slain by a gnoll

Vault maps used:
D:1:      lightli_arrival_quake
D:2:      kennysheep_generic_room_2
D:3:      lemuel_upstairs_altar

Skill      XL: |  1  2  3  4 |
---------------+-------------+-----
Spellcasting   | 5 |  5.1
Invocations    | 1 |  1.5
Short Blades   | 1 |  1.3
Long Blades    | 1 |  1.3
Maces & Flails | 1 |  1.3
Polearms       | 1 |  1.3
Staves         | 1 |  1.3
Slings         | 1 |  1.3
Bows           | 1 |  1.3
Crossbows      | 1 |  1.3
Stealth        | 1 |  1.3
Shields        | 1 |  1.3
Unarmed Combat | 1 |  1.3
Evocations     | 1 |  1.3
Conjurations   | 1 |  1.1
Hexes          | 1 |  1.1
Charms         | 1 |  1.1
Summonings     | 1 |  1.1
Necromancy     | 1 |  1.1
Transmutations | 1 |  1.1
Fire Magic     | 1 |  1.1
Ice Magic      | 1 |  1.1
Air Magic      | 1 |  1.1
Earth Magic    | 1 |  1.1
Poison Magic   | 1 |  1.1
Fighting       | |  4.7
Axes           | |  4.7
Throwing       | |  2.9
Armour         | |  2.9
Dodging        | |  4.7
Translocations | |  5.5

Action                   |  1- 3 |  4- 6 || total
-------------------------+-------+-------++-------
Melee: Hand axe          |   107 |    49 ||   156
       Bite              |    10 |     5 ||    15
       Punch             |       |     2 ||     2
  Use: Scroll            |     1 |       ||     1
 Stab: Sleeping          |       |     1 ||     1
  Eat: Chunk             |     3 |     2 ||     5
Armor: Leather armour    |    18 |     6 ||    24
Dodge: Dodged            |    86 |    31 ||   117

Table legend:
 A = Spawn XP
 B = Non-spawn XP
 C = Spawn XP percentage of total XP
 D = Spawn monster count
 E = Non-spawn monster count
 F = Spawn count percentage of total count
 G = Total turns spent on level
                    A         B        C        D         E        F      G
               +---------+---------+-------+---------+---------+-------+---------
         Total |       0 |     194 |   0.0 |       0 |      45 |   0.0 |  2557
               +---------+---------+-------+---------+---------+-------+---------
           D:1 |       0 |      46 |   0.0 |       0 |      22 |   0.0 |  1073
           D:2 |       0 |      63 |   0.0 |       0 |      20 |   0.0 |  1441
           D:3 |       0 |      85 |   0.0 |       0 |       3 |   0.0 |    43
               +---------+---------+-------+---------+---------+-------+---------
